 Dungeon Crawl Stone Soup version 0.28.0 (webtiles) character file.

Game seed: 16224357168735493406

2657 wat the Digger (level 9, -21/84 HPs)
             Began as a Troll Earth Elementalist on Feb 10, 2022.
             Killed from afar by a centaur (39 damage)
             ... with a bolt of acid
             ... on level 7 of the Dungeon.
             The game lasted 00:15:17 (5761 turns).

wat the Digger (Troll Earth Elementalist)           Turns: 5761, Time: 00:15:17

Health: -21/84     AC: -4    Str: 18    XL:     9   Next: 36%
Magic:  12/12      EV: 11    Int: 15    God:
Gold:   348        SH:  0    Dex: 10    Spells: 11/14 levels left

rFire   . . .      SeeInvis .   z - +12 spear "Ikhliefof" {pain, *Rage Will+ Stlth+}
rCold   . . .      Faith    .   (no shield)
rNeg    . . .      Spirit   .   x - +0 robe
rPois   +          Reflect  .   (helmet restricted)
rElec   .          Harm     .   (no cloak)
rCorr   .          Rampage  .   (gloves unavailable)
Will    +....      Rage     20% (boots unavailable)
Stlth   ++........              (no amulet)
HPRegen 1.04/turn               w - ring of poison resistance
MPRegen 0.13/turn               (no ring)

@: corroded, on berserk cooldown, slowed, studying Crossbows, very slow
A: large, unfitting armour, claws 3, regeneration 1, shaggy fur 1, tough skin 1
a: no special abilities


You were on level 7 of the Dungeon.
You visited 1 branch of the dungeon, and saw 7 of its levels.

You collected 348 gold pieces.

Inventory:

Hand Weapons
 b - a +0 hunting sling
 r - a +0 mace of holy wrath
 s - a +0 war axe
 t - a +1 flail of holy wrath
 v - a +1 trident
 y - a +0 battleaxe of flaming
 z - the +12 spear "Ikhliefof" (weapon) {pain, *Rage Will+ Stlth+}
   (You found it on level 5 of the Dungeon)

   In the hands of one skilled in necromantic magic, it inflicts extra damage on
   living creatures.
   *Rage:     It berserks you when you make melee attacks (+20% chance).
   Will:      It increases your willpower.
   Stlth:     It makes you more stealthy.
Missiles
 c - 170 stones
 i - 9 poisoned darts
 k - 2 throwing nets
Armour
 x - a +0 robe (worn)
Jewellery
 m - the ring "Cianeis" {rC- rN++ Str+6 Int+3}
   (You found it on level 2 of the Dungeon)

   [ring of strength]

   Str:       It affects your strength (+6).
   Int:       It affects your intelligence (+3).
   rC:        It makes you vulnerable to cold.
   rN:        It greatly protects you from negative energy.
 n - a ring of protection from fire
 w - a ring of poison resistance (left claw)
Scrolls
 f - a scroll of teleportation
 g - 4 scrolls of fear
 l - a scroll of noise {unknown}
 o - 4 scrolls of enchant weapon
 p - a scroll of fog
 u - 2 scrolls of torment
 A - a scroll of identify
 B - a scroll of vulnerability {unknown}
Potions
 a - 2 potions of flight
 d - 4 potions of lignification
 e - 2 potions of brilliance
 h - a potion of cancellation
 j - 7 potions of curing
 q - a potion of magic


   Skills:
 + Level 4.2 Fighting
 * Level 2.7 Polearms
 + Level 4.7 Dodging
 - Level 1.0 Stealth
 - Level 4.5 Unarmed Combat
 - Level 3.2 Spellcasting
 * Level 2.7 Necromancy
 - Level 2.1 Transmutations
 - Level 5.2 Earth Magic


You had 11 spell levels left.
You knew the following spells:

 Your Spells              Type           Power      Damage    Failure   Level
a - Sandblast             Erth           36%        2d10      2%          1
b - Passwall              Tmut/Erth      10%        N/A       6%          2

Your spell library contained the following spells:

 Spells                   Type           Power      Damage    Failure   Level
 Foxfire                  Conj/Fire      8%         2x1d4     21%         1
 Magic Dart               Conj           8%         1d3       21%         1
 Stone Arrow              Conj/Erth      20%        3d8       21%         3
 Searing Ray              Conj           4%         2d4       30%         2
 Petrify                  Tmut/Erth      13%        N/A       38%         4
 Conjure Flame            Conj/Fire      2%         6-21      52%         3
 Inner Flame              Hex/Fire       2%         N/A       52%         3
 Flame Wave               Conj/Fire      2%         2d4       89%         4
 Fulminant Prism          Conj/Hex       1%         3d6       89%         4


Dungeon Overview and Level Annotations

Branches:
Dungeon (7/15)
 Temple: D:4-7

Altars:

Shops:
D:5 (

Annotations:
D:5 2 transporters, ragingrage's ghost, novice MiBe


Innate Abilities, Weirdness & Mutations

You are too large for most types of armour.
You have claws for hands.
Your natural rate of healing is unusually fast.
You are covered in fur. (AC +1)
You have tough skin. (AC +1)


Message History

The howler monkey zombie hits you.
You hit the howler monkey zombie.
The howler monkey zombie is almost destroyed.
The howler monkey zombie closely misses you.
A red film seems to cover your vision as you go berserk!
You feel yourself moving faster!
You feel mighty!
You puncture the howler monkey zombie!
You destroy the howler monkey zombie!
Calm down first, please.
Calm down first, please.
Calm down first, please.
You start resting.
You feel a strong urge to attack something.
You start waiting.
You feel your anger nearly subside.
You are no longer berserk.
You are exhausted.
You feel yourself slow down.
A centaur comes into view. It is carrying a wand of acid (9).
A centaur is nearby!
A centaur is nearby!
A centaur is nearby!
A centaur is nearby!
The centaur hits you but does no damage.
The centaur closely misses you.
You barely miss the centaur. The centaur barely misses you.
The centaur kicks you but does no damage.
The centaur hits you.
The centaur kicks you but does no damage.
You barely miss the centaur.
The centaur zaps a wand.
The bolt of acid hits you!! The acid corrodes you!
The centaur zaps a wand.
The bolt of acid hits you!!!
Ouch! That really hurt!
* * * LOW HITPOINT WARNING * * *
The acid corrodes you!
You are too injured to fight recklessly!
You are too injured to fight recklessly!
You are too injured to fight recklessly!
You hit the centaur but do no damage.
The centaur zaps a wand.
The bolt of acid hits you!!!
You die...

....##.......#....#
....##.......##...##
....##.......##....#
...................#
....##.............#
######.......##...##
#........##...##
#........#.....#
#........#..@.##
##.......##..c#
#.......##...# ....#
#....' #....#.
######. #


You could see a centaur.

Vanquished Creatures
  Maggie (D:6)
  A steam dragon (D:6)
  A water moccasin (D:6)
  Edmund (D:4)
  An orc warrior (D:6)
  A hornet zombie (D:5)
  An ice beast (D:6)
  An ogre (D:6)
  2 sky beasts
  A phantom (D:5)
  2 bullfrogs (D:6)
  3 scorpions
  A gnoll sergeant (D:4)
  A water moccasin skeleton (D:6)
  8 wights (D:6)
  A bullfrog zombie (D:6)
  A gnoll shaman (D:6)
  4 hounds
  A jelly (D:6)
  An orc priest (D:6)
  3 iguanas
  A centaur skeleton (D:7)
  2 orc wizards
  A killer bee zombie (D:6)
  A howler monkey zombie (D:7)
  Robin (D:3)
  10 gnolls
  A howler monkey skeleton (D:5)
  4 adders
  A shadow imp (D:6)
  2 white imps (D:7)
  3 dart slugs
  6 orcs
  9 ball pythons
  2 bats (D:2)
  4 endoplasms
  3 giant cockroaches
  12 goblins
  15 hobgoblins
  8 jackals
  8 quokkas
  5 frilled lizards
  6 kobolds
  A quokka skeleton (D:4)
  2 rats (D:1)
145 creatures vanquished.

Vanquished Creatures (others)
  6 plants (D:5)
6 creatures vanquished.

Grand Total: 151 creatures vanquished

Notes
Turn   | Place    | Note
-------+----------+-------------------------------------------
     0 | D:1      | wat the Troll Earth Elementalist began the quest for the
                  | Orb.
     0 | D:1      | Reached XP level 1. HP: 16/16 MP: 1/1
   328 | D:1      | Found a faded altar of an unknown god.
   506 | D:1      | Reached XP level 2. HP: 24/24 MP: 2/2
   618 | D:1      | Reached skill level 1 in Transmutations
  1016 | D:2      | Reached XP level 3. HP: 32/32 MP: 4/4
  1165 | D:2      | Reached skill level 1 in Unarmed Combat
  1165 | D:2      | Reached skill level 3 in Earth Magic
  1353 | D:2      | Identified the ring "Cianeis" {rC- rN++ Str+6 Int+3}
  1861 | D:3      | Reached XP level 4. HP: 40/40 MP: 5/5
  2102 | D:3      | Learned a level 2 spell: Passwall
  2120 | D:3      | Reached skill level 1 in Fighting
  2146 | D:4      | Noticed a scorpion
  2156 | D:4      | Killed a scorpion
  2157 | D:4      | Reached XP level 5. HP: 46/48 MP: 6/6
  2180 | D:4      | Noticed Robin
  2275 | D:3      | Killed Robin
  2369 | D:4      | Noticed Edmund
  2383 | D:4      | Killed Edmund
  2384 | D:4      | Reached XP level 6. HP: 30/55 MP: 5/8
  2980 | D:5      | Entered Level 5 of the Dungeon
  3304 | D:5      | Noticed a sky beast
  3314 | D:4      | Reached XP level 7. HP: 35/65 MP: 9/9
  3493 | D:5      | Reached skill level 4 in Earth Magic
  3657 | D:5      | Identified the +12 spear "Ikhliefof" {pain, *Rage Will+
                  | Stlth+}
  3678 | D:5      | Found Buchyiwe's Weapon Shoppe.
  3917 | D:5      | HP: 2/66 [hornet zombie (10)]
  4205 | D:5      | Found a transporter.
  4234 | D:5      | Noticed ragingrage's ghost (novice MiBe)
  4258 | D:5      | Found a transporter.
  4514 | D:5      | Reached XP level 8. HP: 74/74 MP: 11/11
  4706 | D:6      | Noticed Maggie
  4722 | D:6      | Killed Maggie
  4723 | D:6      | Reached skill level 5 in Earth Magic
  4994 | D:6      | Reached skill level 1 in Polearms
  4994 | D:6      | Reached skill level 1 in Necromancy
  5061 | D:6      | Reached XP level 9. HP: 71/83 MP: 12/12
  5761 | D:7      | Killed from afar by a centaur

Illustrated notes

Levels and vault maps discovered:
D:1:      psy_arrival_fountain, layout_basic,
          shapermc_ecumenical_altar_hornbeckon
D:2:      layout_loops_ring, minmay_tall_x
D:3:      layout_rooms
D:4:      layout_cave_pools, uniq_edmund, uniq_robin
D:5:      layout_cave_pools, gammafunk_ghost_gnarly_gnolls, serial_shops,
          nicolae_shop_hallway_stairs
D:6:      layout_rooms, uniq_maggie
D:7:      layout_gridville, chequers_temple_overflow_statue_of_worship,
          minmay_temple_entry_crystal_x, uniq_crazy_yiuf_cottage

Skill      XL: |  1  2  3  4  5  6  7  8  9 |
---------------+----------------------------+-----
Transmutations | 1 2 |  2.1
Unarmed Combat | 1 2 3 4 |  4.5
Earth Magic    | 3 4 5 |  5.2
Dodging        | 2 3 4 |  4.7
Fighting       | 1 2 3 4 |  4.2
Spellcasting   | 2 3 |  3.2
Polearms       | 1 2 |  2.7
Necromancy     | 1 2 |  2.7
Stealth        | |  1.0

Action                   |  1- 3 |  4- 6 |  7- 9 || total
-------------------------+-------+-------+-------++-------
Melee: Unarmed           |   142 |   158 |   160 ||   460
       Punch             |       |     3 |     6 ||     9
       Spear             |       |       |    69 ||    69
 Fire: Hunting sling     |       |     1 |    17 ||    18
 Cast: Sandblast         |       |    11 |     7 ||    18
  Use: Scroll            |       |     9 |     3 ||    12
       Potion            |       |       |     1 ||     1
 Stab: Sleeping          |     4 |       |       ||     4
       Distracted        |     1 |       |       ||     1
Armor: Robe              |    51 |    45 |    39 ||   135
Dodge: Dodged            |    64 |   109 |    91 ||   264
